 Dungeon Crawl Stone Soup version 0.16-a0-3325-g64f94fb (webtiles) character file.

36 PolkaDot the Caller (level 3, 0/28 HPs)
             Began as a Vampire Summoner on Dec 27, 2014.
             Succumbed to a kobold's poison
             ... on level 2 of the Dungeon.
             The game lasted 00:04:41 (1517 turns).

PolkaDot the Caller (Vampire Summoner)              Turns: 1517, Time: 00:04:41

Health: 0/28       AC:  3    Str: 12    XL:     3   Next: 19%
Magic:  4/6        EV: 18    Int: 18    God:
Gold:   33         SH:  0    Dex: 19    Spells: 2 memorised, 3 levels left

rFire  . . .     SeeInvis +     l - +0 short sword
rCold  . . .     Clarity  .     a - +0 robe
rNeg   . . .     SustAb   +     (no shield)
rPois  .         Gourm    .     e - +0 helmet
rElec  .         Spirit   .     (no cloak)
rCorr  .         Warding  .     (no gloves)
rMut   .         Stasis   .     (no boots)
MR     .....                    (no amulet)
Stlth  +++.......               g - ring of loudness (curse)
                                d - ring of sustain abilities

@: mighty, agile, lethally poisoned, regenerating very quickly, not resistant to
hostile enchantments, fairly stealthy
A: bottle blood, fangs 3, see invisible, unbreathing
a: no special abilities


You were on level 2 of the Dungeon.
You were almost alive.

You visited 1 branch of the dungeon, and saw 2 of its levels.

You collected 33 gold pieces.

Inventory:

Hand weapons
 l - a +0 short sword (weapon)
Armour
 a - a +0 robe (worn)
 e - a +0 helmet (worn)
Jewellery
 d - a ring of sustain abilities (left hand)
 g - a cursed ring of loudness (right hand)
Scrolls
 c - a scroll of enchant armour
 h - a scroll of magic mapping
 i - a scroll of random uselessness {unknown}
 k - a scroll of remove curse {unknown}
 n - a scroll of fog {unknown}
Books
 b - a book of Callings

   Spells                             Type                      Level
   a - Summon Small Mammal            Summoning                    1
   b - Call Imp                       Summoning                    2
   c - Call Canine Familiar           Summoning                    3
   d - Summon Guardian Golem          Hexes/Summoning              4
   e - Summon Lightning Spire         Summoning/Air                4
   f - Summon Ice Beast               Ice/Summoning                4


   Skills:
 * Level 2.6 Fighting
 - Level 2.1 Dodging
 - Level 3.0 Stealth
 - Level 2.0 Spellcasting
 - Level 4.0 Summonings


You had 3 spell levels left.
You knew the following spells:

 Your Spells              Type           Power        Failure   Level  Hunger
s - Call Imp              Summ           ###.....     6%          2    ###....
z - Summon Small Mammal   Summ           ###.         3%          1    #......


Dungeon Overview and Level Annotations

Branches:
Dungeon (2/15)

Altars:


Innate Abilities, Weirdness & Mutations

Your natural rate of healing is extremely fast.
You can bottle blood from corpses.
You have razor-sharp teeth.
You have supernaturally acute eyesight.
You can survive without breathing.


Message History

As you read the scroll of identify, it crumbles to dust.
h - a scroll of magic mapping
* * * LOW HITPOINT WARNING * * *
You feel sick.
Read which item? (? for menu, Esc to quit)
Okay, then.
You swap places.
* * * LOW HITPOINT WARNING * * *
You feel sick.
You open the door.
* * * LOW HITPOINT WARNING * * *
You feel sick.
* * * LOW HITPOINT WARNING * * *
You feel sick.
There is an open door here.
* * * LOW HITPOINT WARNING * * *
You feel sick.
* * * LOW HITPOINT WARNING * * *
You feel sick.
You die...

...#.##.# ...#'##.#
......#.##########
......#.#........# #
......#.#........# .#
...([.#.#........##.#
......#.............#
รท.....#....#........#
......#....'55..@...+
......##...#........#
####+###.).#........#
#..(.# #(..#........#
..######(..#........#
..#....(...+........#
..#.####...#........#
..#.# #...##########
..#.# #...#


You could see a friendly crimson imp and a friendly white imp.

Vanquished Creatures
  An adder (D:2)
  An ooze (D:2)
  2 ball pythons
  6 bats
  3 giant cockroaches
  4 hobgoblins
  A giant gecko (D:2)
  A giant newt (D:1)
  A goblin (D:1)
  7 kobolds
  A rat (D:1)
28 creatures vanquished.

Vanquished Creatures (collateral kills)
  A kobold (D:2)
1 creature vanquished.

Grand Total: 29 creatures vanquished

Notes
Turn   | Place    | Note
--------------------------------------------------------------
     0 | D:1      | PolkaDot, the Vampire Summoner, began the quest for the Orb.
     0 | D:1      | Reached XP level 1. HP: 13/13 MP: 3/3
   169 | D:1      | Reached skill level 1 in Fighting
   405 | D:1      | Reached XP level 2. HP: 14/21 MP: 4/4
   536 | D:1      | Learned a level 2 spell: Call Imp
  1348 | D:2      | Reached XP level 3. HP: 25/28 MP: 0/6
  1514 | D:2      | HP: 1/28 [poisoned by a kobold]
  1517 | D:2      | Succumbed to a kobold's poison

Action                   || total
-------------------------++-------
Melee: Unarmed           ||    43
       Short sword       ||    80
 Cast: Summon Small Mamm ||     3
       Call Imp          ||     4
  Use: Potion            ||     3
       Scroll            ||     2
 Stab: Sleeping          ||     1
  Eat: Corpse            ||    13
